 Dungeon Crawl Stone Soup version 0.29-a0-314-gb00dd7cb4b (webtiles) character file.

Game seed: 844339118103638934

99489 djbefl the Unseen (level 15, -6/79 HPs)
             Began as a Spriggan Enchanter on Mar 29, 2022.
             Was the Champion of Dithmenos.
             Mangled by a culicivora (27 damage)
             ... on level 1 of the Spider Nest.
             The game lasted 01:18:34 (31779 turns).

djbefl the Unseen (Spriggan Enchanter)             Turns: 31779, Time: 01:18:34

Health: -6/79      AC: 14    Str:  9    XL:     15   Next: 77%
Magic:  31/35      EV: 28    Int: 17    God:    Dithmenos [******]
Gold:   2862       SH:  0    Dex: 19    Spells: 12/45 levels left

rFire   + . .      SeeInvis +   a - +7 dagger (venom)
rCold   + . .      Faith    .   (no shield)
rNeg    + . .      Spirit   .   l - +4 steam dragon scales
rPois   +          Reflect  .   b - +2 hat
rElec   .          Harm     .   B - +2 ratskin cloak {*Rats rPois rN+ Str-1 Int-1 Dex+1}
rCorr   .          Rampage  .   (gloves unavailable)
Will    ++...                   (boots unavailable) Stlth ****++++++
                                u - amulet of magic regeneration
HPRegen 0.23/turn               t - ring of protection from cold
MPRegen 0.64/turn               K - ring of protection from fire

@: very slightly contaminated, wreathed by umbra, very quick
A: very small, no large weapons, unfitting armour, see invisible, speed 3,
clever 1
a: Renounce Religion, Shadow Step, Shadow Form


You were on level 1 of the Spider Nest.
You worshipped Dithmenos.
Dithmenos was exalted by your worship.
You visited 5 branches of the dungeon, and saw 25 of its levels.

You collected 3141 gold pieces.
You spent 279 gold pieces at shops.

Inventory:

Hand Weapons
 a - a +7 dagger of venom (weapon)
 h - a +2 dagger of draining
 m - a +1 dagger of freezing
 D - the +7 short sword "Ogreslayer" {flame, rPois Str+7}
   (You found it on level 12 of the Dungeon)

   It burns those it strikes, dealing additional fire damage.
   Str:       It affects your strength (+7).
   rPois:     It protects you from poison.
 S - a +0 dagger of electrocution
Missiles
 g - 54 poisoned darts (quivered)
 r - 3 datura-tipped darts
 x - 5 curare-tipped darts
 G - 2 throwing nets
Armour
 b - a +2 hat (worn)
 l - +4 steam dragon scales (worn)
 B - the +2 ratskin cloak (worn) {*Rats rPois rN+ Str-1 Int-1 Dex+1}
   (You found it on level 11 of the Dungeon)

   When the wearer is hurt, rats may emerge from it to assist them.
   Str:       It affects your strength (-1).
   Int:       It affects your intelligence (-1).
   Dex:       It affects your dexterity (+1).
   rPois:     It protects you from poison.
   rN:        It protects you from negative energy.
Jewellery
 c - a ring of magical power
 p - an amulet of reflection
 t - a ring of protection from cold (left hand)
 u - an amulet of magic regeneration (around neck)
 z - a ring of protection from cold
 J - a ring of resist corrosion
 K - a ring of protection from fire (right hand)
 T - a ring of fire
Wands
 o - a wand of mindburst (12)
 q - a wand of flame (6)
 I - a wand of digging (1)
 L - a wand of iceblast (5)
 P - a wand of paralysis (17)
 R - a wand of polymorph (14)
Scrolls
 k - 5 scrolls of fear
 v - 14 scrolls of teleportation
 y - a scroll of summoning
 F - 5 scrolls of amnesia
 M - 2 scrolls of holy word
 N - 3 scrolls of magic mapping
 O - 3 scrolls of blinking
Potions
 d - 6 potions of brilliance
 e - 5 potions of lignification
 f - 15 potions of curing
 i - 2 potions of resistance
 j - 3 potions of magic
 n - 5 potions of haste
 s - 3 potions of heal wounds
 w - 4 potions of flight
 C - a potion of mutation
 E - 14 potions of ambrosia
 H - 2 potions of cancellation
 Q - a potion of might
Miscellaneous
 A - a box of beasts


   Skills:
 + Level 9.0 Fighting
 + Level 11.6 Short Blades
 + Level 13.9 Dodging
 + Level 18.9 Stealth
 + Level 15.5 Spellcasting
 * Level 17.0 Hexes


You had 12 spell levels left.
You knew the following spells:

 Your Spells              Type           Power      Damage    Failure   Level
a - Ensorcelled Hibernat  Hex/Ice        84%        N/A       1%          2
b - Tukima's Dance        Hex            63%        N/A       0%          3
c - Dazzling Flash        Conj/Hex       84%        N/A       1%          3
d - Confusing Touch       Hex            63%        N/A       0%          3
e - Cause Fear            Hex            31%        N/A       1%          4
f - Summon Guardian Gole  Hex/Summ       42%        N/A       1%          3
g - Enfeeble              Hex            31%        N/A       3%          7
h - Discord               Hex            31%        N/A       30%         8

Your spell library contained the following spells:

 Spells                   Type           Power      Damage    Failure   Level
 Slow                     Hex            100%       N/A       0%          1
 Inner Flame              Hex/Fire       42%        N/A       1%          3
 Portal Projectile        Hex/Tloc       84%        N/A       1%          3
 Anguish                  Hex/Necr       21%        N/A       1%          4
 Fulminant Prism          Conj/Hex       21%        3d13      1%          4
 Animate Skeleton         Necr           26%        N/A       4%          1
 Beastly Appendage        Tmut           26%        N/A       4%          1
 Foxfire                  Conj/Fire      52%        2x1d6     4%          1
 Magic Dart               Conj           52%        1d5       4%          1
 Pain                     Necr           52%        1d6       4%          1
 Summon Small Mammal      Summ           52%        N/A       4%          1
 Call Imp                 Summ           13%        N/A       8%          2
 Searing Ray              Conj           26%        2d5       8%          2
 Wereblood                Tmut           13%        N/A       8%          2
 Call Canine Familiar     Summ           13%        N/A       14%         3
 Conjure Flame            Conj/Fire      13%        6-21      14%         3
 Mephitic Cloud           Conj/Pois/Air  13%        N/A       14%         3
 Spider Form              Tmut/Pois      13%        N/A       14%         3
 Vampiric Draining        Necr           13%        2d6       14%         3
 Flame Wave               Conj/Fire      13%        2d6       43%         4
 Iskenderun's Mystic Bla  Conj/Tloc      13%        2d5       43%         4
 Blade Hands              Tmut           6%         N/A       80%         5
 Excruciating Wounds      Necr           6%         N/A       80%         5
 Freezing Cloud           Conj/Ice/Air   6%         6-21      80%         5
 Lee's Rapid Deconstruct  Erth           6%         3d7*      80%         5
 Conjure Ball Lightning   Conj/Air       6%         3x3d6     100%        6
 Dispersal                Tloc           6%         N/A       100%        6
 Simulacrum               Ice/Necr       6%         N/A       100%        6
 Disjunction              Tloc           6%         N/A       100%        8
 Polar Vortex             Ice            6%         N/A       100%        9


Dungeon Overview and Level Annotations

Branches:
Dungeon (15/15)            Temple (1/1) D:5            Lair (6/6) D:11
  Swamp (0/4) Lair:4       Spider (1/4) Lair:2        Slime (0/5) Lair:6
    Orc (2/2) D:9             Elf (0/3) Orc:2        Depths (0/4) D:15
 Vaults: D:13-14

Altars:
Ashenzari
Cheibriados
Dithmenos
Elyvilon
Fedhas
Gozag
Hepliaklqana
Kikubaaqudgha
Makhleb
Nemelex Xobeh
Okawaru
Qazlal
Ru
Sif Muna
Trog
Uskayaw
Vehumet
Wu Jian
Xom
Yredelemnul
Zin
The Shining One
Beogh

Shops:
D:7 [   D:8 [   D:12 !**(([:   D:14 *   Orc:2 **([

Portals:
Trove: D:12 (give 6 scrolls of fear)

Annotations:
D:4 2 transporters, ouz's ghost, amateur VSBr
D:6 2 transporters, ouz's ghost, novice OpGl
D:7 exclusion: oklob plant
D:10 3 runed translucent doors, kirsanium's ghost, novice PaFi
D:14 1 exclusion
Lair:5 1 runed translucent door, Thargor's ghost, journeyman HuCj
Spider:1 1 runed translucent door, confidenceinterval's ghost, journeyman DrBe


Innate Abilities, Weirdness & Mutations

You are very small and have problems with some larger weapons.
You are too small for most types of armour.
You have supernaturally acute eyesight. (SInv)
You cover ground extremely quickly. (Speed+++)
Your mind is acute. (Int +2)


Message History

The culicivora bites you!
A hell rat scurries out from under your cloak.
The culicivora draws strength from your injuries!
The wolf spider hits you. The wolf spider completely misses you.
The moth of wrath's fur bristles in rage as it notices you.
You are too injured to fight recklessly!
Unknown command.
You are too injured to fight recklessly!
Unknown command.
You are too injured to fight recklessly!
Unknown command.
Unknown command.
You are too injured to fight recklessly!
Unknown command.
You are too injured to fight recklessly!
Unknown command.
You are too injured to fight recklessly!
Unknown command.
Casting: Ensorcelled Hibernation (safe; 1% risk of failure)
Confirm with . or Enter, or press ? or * to list all spells.
Aiming: Ensorcelled Hibernation (safe; 1% risk of failure)
Press: ? - help, Shift-Dir - straight line, f - wolf spider, p - moth of wrath
Aim: a wolf spider (umbra, chance to affect: 67%)
The wolf spider struggles to resist.
The jumping spider hisses angrily.
The culicivora barely misses you.
The moth of wrath goads the culicivora on!
The culicivora goes berserk!
The wolf spider misses you. x2
The jumping spider barely misses you.
The jumping spider completely misses you.
The jumping spider leaps!
Your hell rat barely misses the culicivora.
The tarantella touches you!
You emit a cloud of dark smoke.
The culicivora completely misses you. The wolf spider hits you.
* * * LOW HITPOINT WARNING * * *
The wolf spider completely misses you.
The jumping spider leaps!
The moth of wrath goads the wolf spider on!
The wolf spider goes berserk!
The jumping spider leaps!
The culicivora bites you!!
You die...

..#####..#####
....##..##...##### .....
.......####......## .....
...[..###.........##.....
......##.......s.........
##..^.##...............#
#..###.........r.....#..
##.# #.........ssy§....#
#####........s@§s§...#
#†##..........§§§...#
##..##.........§§§...#
#.###...........○...##
##.# ####...........##
##.########............
.........###..........°.
...........†#......##..s
.............####.## ##.


You could see a wolf spider (berserk), a moth of wrath (extremely poisoned, ally
target), a culicivora (berserk), 2 jumping spiders, a tarantella and a friendly
hell rat.

Vanquished Creatures
  Kirke (Lair:6)
  A ghost moth (Spider:1)
  A broodmother (Spider:1)
  A spark wasp (Spider:1)
  The ghost of Xajetykh the Summoner, a journeyman OpSu of Jiyva (D:14)
  A fire dragon (D:15)
  2 ice dragons
  10 hydras
  5 boulder beetles
  3 catoblepae
  3 two-headed ogres
  A jorogumo (Spider:1)
  2 death knights
  2 tengu warriors (D:14)
  3 death yaks (Lair:4)
  A skeletal warrior (D:12)
  An orb spider (Spider:1)
  2 lindwurms (Lair:6)
  9 orc knights
  4 deep elf pyromancers
  A deep elf zephyrmancer (D:12)
  2 oklob plants (D:11)
  2 orc sorcerers (Orc:1)
  3 wolf spiders (Spider:1)
  3 cyclopes
  4 manticores
  14 ugly things
  7 elephants
  5 torpor snails (Lair:6)
  3 black mambas
  A cane toad (shapeshifter) (D:9)
  A gargoyle (D:12)
  12 cane toads
  3 yaktaurs (D:15)
  2 freezing wraiths (D:15)
  An unseen horror (D:10)
  A rime drake (shapeshifter) (D:15)
  An efreet (D:15)
  8 komodo dragons
  2 demonic crawlers (Spider:1)
  3 meliai (Spider:1)
  5 tyrant leeches
  6 hornets (Lair:6)
  A queen bee (Lair:2)
  5 tarantellas (Spider:1)
  8 polar bears
  28 blink frogs
  A raiju (shapeshifter) (D:15)
  A raiju (Lair:6)
  7 slime creatures
  5 dream sheep (Lair:6)
  5 culicivoras
  4 jumping spiders
  A centaur simulacrum (D:14)
  3 shadows
  A wyvern (D:8)
  35 yaks
  A vampire (D:11)
  3 wraiths
  3 hogs (Lair:6)
  7 basilisks
  13 redbacks
  5 steam dragons
  2 vampire mosquitoes (D:11)
  2 swamp worms (Lair:4)
  9 wargs
  2 acid dragons
  16 hell hounds (Lair:6)
  13 water moccasins
  A meliai simulacrum (D:14)
  28 orc warriors
  2 sky beasts
  An ice beast (D:7)
  16 black bears
  18 wolves
  An ogre (Orc:2)
  A tengu (shapeshifter) (D:14)
  4 boggarts (D:15)
  3 centaurs
  14 bullfrogs
  2 kobold brigands
  A necrophage (D:7)
  A gnoll sergeant (D:9)
  A scorpion (D:6)
  3 wights
  23 killer bees (Lair:2)
  An electric eel (D:12)
  5 howler monkeys
  3 jellies
  5 hounds
  11 orc priests
  3 iguanas (D:5)
  18 orc wizards
  5 hell rats (Lair:4)
  2 human simulacra (D:11)
  7 gnolls
  6 adders
  A shadow imp (D:8)
  2 white imps (D:8)
  3 ufetubi
  3 dart slugs
  71 orcs
  3 ball pythons
  4 bats
  4 endoplasms
  2 giant cockroaches
  8 goblins
  9 hobgoblins
  A quokka (D:5)
  A frilled lizard (D:2)
  19 kobolds
  4 rats
646 creatures vanquished.

Vanquished Creatures (collateral kills)
  2 skeletal warriors
  A troll (D:15)
  A tarantella (Spider:1)
  2 polar bears (Lair:6)
  A culicivora (Spider:1)
  A yak (Lair:1)
  A redback (Spider:1)
  Edmund (D:4)
  6 orc warriors
  An ogre (D:6)
  A wolf (Lair:6)
  A gnoll sergeant (D:8)
  7 wights
  2 orc wizards
  12 orcs
  2 endoplasms
42 creatures vanquished.

Vanquished Creatures (others)
  10 dancing weapons
  An orc warrior (Orc:2)
  23 fungi
  64 plants
  19 toadstools (D:7)
  2 withered plants (Spider:1)
119 creatures vanquished.

Grand Total: 807 creatures vanquished

Notes
Turn   | Place    | Note
-------+----------+-------------------------------------------
     0 | D:1      | djbefl the Spriggan Enchanter began the quest for the Orb.
     0 | D:1      | Reached XP level 1. HP: 9/9 MP: 5/5
   414 | D:1      | Found a faded altar of an unknown god.
   422 | D:1      | Reached XP level 2. HP: 13/13 MP: 7/7
   518 | D:1      | Found an iron altar of Okawaru.
   645 | D:1      | Learned a level 2 spell: Ensorcelled Hibernation
  1443 | D:2      | Reached XP level 3. HP: 12/16 MP: 3/9
  1447 | D:2      | Learned a level 3 spell: Tukima's Dance
  1451 | D:2      | Learned a level 3 spell: Confusing Touch
  2541 | D:3      | Reached XP level 4. HP: 21/21 MP: 11/11
  2545 | D:3      | Learned a level 3 spell: Dazzling Flash
  2706 | D:4      | Reached skill level 5 in Hexes
  3174 | D:4      | Noticed a black bear
  3189 | D:4      | Killed a black bear
  3190 | D:4      | Reached skill level 5 in Spellcasting
  3190 | D:4      | Reached XP level 5. HP: 9/24 MP: 9/13
  3393 | D:4      | Found a transporter.
  3398 | D:4      | Found a transporter.
  3398 | D:4      | Noticed ouz's ghost (amateur VSBr)
  3416 | D:4      | Noticed Edmund
  3443 | D:4      | Killed Edmund
  3444 | D:4      | Reached skill level 5 in Stealth
  3444 | D:4      | Reached XP level 6. HP: 23/28 MP: 5/16
  3883 | D:5      | Entered Level 5 of the Dungeon
  4098 | D:5      | Reached skill level 6 in Stealth
  4224 | D:5      | Noticed a sky beast
  4235 | D:5      | Killed a sky beast
  4236 | D:5      | Reached XP level 7. HP: 22/32 MP: 14/17
  4689 | D:5      | Reached skill level 7 in Stealth
  5060 | D:5      | Found a staircase to the Ecumenical Temple.
  5067 | Temple   | Entered the Ecumenical Temple
  5335 | Temple   | Became a worshipper of Dithmenos the Shadowed
  5586 | D:6      | Found a transporter.
  5588 | D:6      | Noticed ouz's ghost (novice OpGl)
  5819 | D:6      | Reached skill level 8 in Stealth
  5819 | D:6      | Reached XP level 8. HP: 36/36 MP: 15/20
  6323 | D:6      | Found a transporter.
  6806 | D:6      | Reached skill level 9 in Stealth
  7165 | D:7      | Reached * piety under Dithmenos
  7194 | D:7      | Reached skill level 10 in Stealth
  7469 | D:7      | Learned a level 4 spell: Cause Fear
  7537 | D:7      | Reached XP level 9. HP: 39/39 MP: 21/23
  7617 | D:7      | Found a blossoming altar of Fedhas.
  7633 | D:7      | Noticed an oklob plant
  7986 | D:7      | Found Wotraita's Antique Armour Emporium.
  8158 | D:8      | Reached skill level 11 in Stealth
  8223 | D:8      | Found Piliaf's Antique Armour Shop.
  8250 | D:8      | Reached skill level 10 in Hexes
  8315 | D:8      | Gained mutation: Your mind is acute. (Int +2) [potion of
                  | mutation]
  8743 | D:8      | Reached skill level 1 in Fighting
  8814 | D:8      | Reached ** piety under Dithmenos
  8859 | D:9      | Found a staircase to the Orcish Mines.
  8890 | D:9      | Noticed a cane toad
  8890 | D:9      | a golden eye changed into a cane toad
  8896 | D:9      | Killed a cane toad
  8991 | D:9      | Identified the +1 battleaxe "Gokenif" {speed, Str+5 Int+2
                  | Dex+6}
  9035 | D:9      | Reached skill level 10 in Spellcasting
  9172 | D:9      | Noticed a two-headed ogre
  9214 | D:9      | Killed a two-headed ogre
  9215 | D:9      | Reached skill level 12 in Stealth
  9215 | D:9      | Reached XP level 10. HP: 17/47 MP: 20/25
  9568 | D:9      | Reached skill level 5 in Dodging
 10147 | D:10     | Entered Level 10 of the Dungeon
 10234 | D:10     | Learned a level 3 spell: Summon Guardian Golem
 10242 | D:10     | Learned a level 7 spell: Enfeeble
 10501 | D:10     | Found a runed translucent gate.
 10502 | D:10     | Found a runed translucent gate.
 10502 | D:10     | Noticed kirsanium's ghost (novice PaFi)
 10503 | D:10     | Found a runed translucent gate.
 10506 | D:10     | Noticed a deep elf pyromancer
 10506 | D:10     | Noticed a yaktaur captain
 11397 | D:11     | Found the +2 ratskin cloak {*Rats rPois rN+ Str-1 Int-1
                  | Dex+1}
 11403 | D:11     | Reached *** piety under Dithmenos
 11421 | D:11     | Found a staircase to the Lair.
 11421 | D:11     | Noticed an oklob plant
 11421 | D:11     | Noticed an oklob plant
 11463 | D:11     | Noticed a two-headed ogre
 11466 | D:11     | Killed a two-headed ogre
 11467 | D:11     | Reached skill level 5 in Short Blades
 11467 | D:11     | Reached skill level 13 in Stealth
 11541 | D:11     | Identified the +5 long sword "Plog" {pain, rPois rC+ MP+9
                  | Stlth-}
 11996 | D:11     | Killed an oklob plant
 11997 | D:11     | Reached XP level 11. HP: 53/53 MP: 25/27
 12003 | D:11     | Killed an oklob plant
 12077 | D:12     | Noticed a white ugly thing
 12084 | D:12     | Killed a white ugly thing
 12106 | D:12     | Noticed a four-headed hydra
 12135 | D:12     | Killed a four-headed hydra
 12283 | D:12     | Found Fatriu's Weapon Emporium.
 12472 | D:12     | Found Esiycoal's Book Emporium.
 12522 | D:12     | Noticed a deep elf pyromancer
 12522 | D:12     | Noticed a deep elf zephyrmancer
 12523 | D:12     | Killed a deep elf pyromancer
 12526 | D:12     | Killed a deep elf zephyrmancer
 12576 | D:12     | Found Lesuan's Armour Boutique.
 12580 | D:12     | Found Tanimul's Weapon Shop.
 12621 | D:12     | Noticed a skeletal warrior
 12621 | D:12     | Noticed a skeletal warrior
 12623 | D:12     | Noticed a skeletal warrior
 12748 | D:11     | Killed a skeletal warrior
 13388 | D:12     | Found Rahuasus's General Store.
 13390 | D:12     | Found a portal to a secret trove of treasure.
 13395 | D:12     | Identified the +7 short sword "Ogreslayer" {flame, rPois
                  | Str+7}
 13541 | D:12     | Found Jibasmu's General Store.
 13545 | D:12     | Found Liheqokh's Distillery.
 13850 | D:12     | Killed a skeletal warrior
 13851 | D:12     | Reached skill level 14 in Stealth
 14240 | D:12     | Killed a skeletal warrior
 14252 | D:13     | Noticed a deep elf pyromancer
 14257 | D:13     | Killed a deep elf pyromancer
 14258 | D:13     | Reached skill level 5 in Fighting
 14261 | D:13     | Noticed a death knight
 14270 | D:13     | Killed a death knight
 14306 | D:13     | Noticed a white ugly thing
 14308 | D:13     | Killed a white ugly thing
 14337 | D:13     | Reached XP level 12. HP: 60/60 MP: 28/28
 14393 | D:13     | Noticed a boulder beetle
 14398 | D:13     | Killed a boulder beetle
 14531 | D:13     | Noticed a two-headed ogre
 14538 | D:13     | Killed a two-headed ogre
 14807 | D:13     | Reached **** piety under Dithmenos
 15262 | D:14     | Noticed a boulder beetle
 15273 | D:14     | Killed a boulder beetle
 15312 | D:14     | Reached skill level 15 in Stealth
 15525 | D:14     | Found Gate's General Store.
 15835 | D:14     | Noticed a tengu warrior
 15838 | D:14     | Noticed a tengu warrior
 15842 | D:14     | Killed a tengu warrior
 15846 | D:14     | Killed a tengu warrior
 15953 | D:14     | Found a runed translucent door.
 15953 | D:14     | Noticed Xajetykh's ghost (journeyman OpSu)
 15959 | D:14     | Killed Xajetykh's ghost
 15960 | D:14     | Reached skill level 10 in Dodging
 15972 | D:14     | Identified the +7 war axe of Qazlal {holy, Str+4}
 16369 | D:12     | Bought a scroll of teleportation for 39 gold pieces
 16391 | D:12     | Bought a potion of curing for 45 gold pieces
 16391 | D:12     | Bought a potion of berserk rage for 75 gold pieces
 16391 | D:12     | Bought a potion of magic for 120 gold pieces
 16440 | Lair:1   | Entered Level 1 of the Lair of Beasts
 16718 | Lair:1   | Noticed a six-headed hydra
 16725 | Lair:1   | Killed a six-headed hydra
 17322 | Lair:1   | Found a hide-covered altar of Uskayaw.
 17322 | Lair:1   | Noticed a boulder beetle
 17324 | Lair:1   | Found an ornate altar of the Wu Jian Council.
 17335 | Lair:1   | Killed a boulder beetle
 17336 | Lair:1   | Reached XP level 13. HP: 65/65 MP: 28/31
 17760 | Lair:2   | You fall into a shaft and drop 2 floors!
 17905 | Lair:4   | Reached ***** piety under Dithmenos
 17990 | Lair:4   | Reached skill level 16 in Stealth
 18277 | Lair:2   | Found a hole to the Spider Nest.
 21092 | Lair:4   | Found a staircase to the Swamp.
 21176 | Lair:4   | Learned a level 8 spell: Discord
 21606 | Lair:5   | Reached XP level 14. HP: 65/72 MP: 32/32
 21617 | Lair:5   | Reached skill level 17 in Stealth
 21997 | Lair:5   | Found a runed translucent door.
 22001 | Lair:5   | Noticed Thargor's ghost (journeyman HuCj)
 22108 | Lair:6   | Entered Level 6 of the Lair of Beasts
 22231 | Lair:6   | Reached skill level 10 in Short Blades
 22459 | Lair:6   | Found a staircase to the Slime Pits.
 22877 | Lair:6   | Noticed Kirke
 22932 | Lair:6   | Reached ****** piety under Dithmenos
 22941 | Lair:6   | Noticed a sphinx
 22964 | Lair:6   | Killed Kirke
 23559 | Lair:6   | Identified the +10 scimitar "Dyipig" {freeze, Str+4}
 23789 | Lair:6   | Reached skill level 15 in Hexes
 25157 | Lair:6   | Found a runed translucent door.
 25314 | Lair:6   | Reached skill level 18 in Stealth
 25909 | Orc:1    | Entered Level 1 of the Orcish Mines
 26340 | Orc:2    | Entered Level 2 of the Orcish Mines
 26401 | Orc:2    | Found a staircase to the Elven Halls.
 26628 | Orc:1    | Reached XP level 15. HP: 77/77 MP: 34/34
 27251 | Orc:2    | Found Peudex's Weapon Shop.
 27251 | Orc:2    | Found Otex's Antique Armour Shoppe.
 27746 | Orc:2    | Found Winuox's Assorted Antiques.
 27768 | Orc:2    | Found Kuitetig's Assorted Antiques.
 27786 | Orc:2    | Reached skill level 15 in Spellcasting
 28306 | D:15     | Entered Level 15 of the Dungeon
 29630 | D:15     | Found a white marble altar of Elyvilon.
 29707 | D:15     | Found a staircase to the Depths.
 30531 | Spider:1 | Entered Level 1 of the Spider Nest
 30531 | Spider:1 | Found a runed translucent door.
 30532 | Spider:1 | Noticed confidenceinterval's ghost (journeyman DrBe)
 31779 | Spider:1 | Mangled by a culicivora

Illustrated notes

Levels and vault maps discovered:
D:1:      sevenhm_arrival_forest_fort_small_6, layout_basic,
          chequers_ecumenical_altar_simple
D:2:      layout_loops_ring
D:3:      layout_rooms, kennysheep_nub, chequers_hall_statues_y
D:4:      layout_basic, gammafunk_ghost_arena, uniq_edmund
D:5:      layout_cave_pools, minmay_temple_entry_statues_pillars
D:6:      layout_basic, gammafunk_ghost_stat_death
D:7:      layout_gridville, tgw_fedhas, amethyst_killhole, nicolae_stop_n_shop_1
D:8:      layout_loops_ring, serial_shops, shop_fountains,
          minmay_stone_trees_large, kennysheep_dice
D:9:      layout_stronghold, orc_0_dummy, minmay_misc_feat_four_crosses,
          nicolae_wwwww, chequers_serial_rivers_micro_b, nrook_campfire,
          minivault_20
D:10:     layout_loops_corners, gammafunk_ghost_split, minmay_misc_feat_five
D:11:     layout_loops_cross, dpeg_oklobed_lair, minmay_misc_feat_iff,
          bh_circular_ruins
D:12:     layout_cave_pools, enter_trove_3, serial_shops,
          nicolae_shop_advertising_works [nicolae_subvault_shop_adworks],
          shop_statue, nicolae_shop_bloodbath_and_beyond, nicolae_stop_n_shop_2,
          shop, grunt_decor_mini_mirrors, nicolae_wooded_promenade,
          minmay_checkerbox
D:13:     layout_basic
D:14:     layout_basic, lightli_vaults_fourway_checkpoint,
          gammafunk_ghost_grave, nicolae_elevator_lobby_asterisk, serial_shops,
          nicolae_shop_crystal
D:15:     grunt_enter_depths_hoard, layout_stronghold,
          nicolae_elyvilon_peaceful_grove
Temple:   mainiacjoe_temple_trianglar_array
Lair:1:   layout_gridlike, grunt_forest_stairs_basic,
          chequers_serial_rivers_micro_c, minivault_27,
          dreamdust_deal_with_the_devil, chequers_serial_rivers_small_b,
          nzn_masters_of_martial_movement
Lair:2:   layout_hall_layers, nicolae_spider_entry_tight_spaces, special_room
          [special_room_bee], serial_bayou_shore_b, infiniplex_staircase_pool
Lair:3:   layout_cave_pods
Lair:4:   layout_cave_pods, minmay_swamp_entry_worms, grunt_megastairs_3,
          lemuel_fruit_tree
Lair:5:   layout_roguey, ebering_ghost_reflecting_pool
Lair:6:   wormcave, layout_hall_layers, hangedman_lair_caniforms_friends,
          nicolae_slime_entry_slimehenge, serial_bayou_shore_b, uniq_kirke
Spider:1: layout_chambers, gammafunk_ghost_grave, nicolae_spider_webs_and_nodes
Orc:1:    layout_caves
Orc:2:    st_orc_town, layout_caves

Skill      XL: |  1  2  3  4  5  6  7  8  9 10 11 12 13 14 15 |
---------------+----------------------------------------------+-----
Spellcasting   | 3 4 5 6 7 9 10 11 13 14 15 | 15.5
Hexes          | 4 6 7 8 9 10 11 12 13 14 15 17 | 17.0
Stealth        | 5 6 8 10 12 13 14 15 16 18 | 18.9
Dodging        | 4 6 8 10 11 13 | 13.9
Fighting       | 2 3 5 6 7 8 9 |  9.0
Short Blades   | 3 5 6 8 9 10 11 | 11.6

Action                   |  1- 3 |  4- 6 |  7- 9 | 10-12 | 13-15 || total
-------------------------+-------+-------+-------+-------+-------++-------
Melee: Dagger            |    88 |   108 |   219 |   349 |  1664 ||  2428
       Punch             |       |     1 |     4 |     5 |    24 ||    34
Throw: Dart              |     1 |       |       |       |       ||     1
 Cast: Ensorcelled Hiber |     4 |     5 |    28 |    54 |   129 ||   220
       Confusing Touch   |       |     1 |     5 |    12 |    14 ||    32
       Tukima's Dance    |       |     3 |    21 |    25 |    27 ||    76
       Dazzling Flash    |       |       |       |       |     3 ||     3
       Summon Guardian G |       |       |       |       |     1 ||     1
Invok: Shadow Step       |       |       |       |       |     4 ||     4
Evoke: Wand              |       |       |     1 |     1 |    13 ||    15
       Box of beasts     |       |       |       |     1 |     3 ||     4
  Use: Scroll            |     8 |     4 |    18 |     8 |     2 ||    40
       Potion            |     1 |     1 |     5 |     2 |     9 ||    18
 Stab: Sleeping          |    11 |     8 |    30 |    58 |   175 ||   282
       Confused          |       |       |     4 |    10 |    18 ||    32
       Distracted        |       |       |       |     2 |    17 ||    19
       Invisible         |       |       |       |     2 |    17 ||    19
Armor: Robe              |    15 |     5 |     2 |       |       ||    22
       Steam dragon scal |       |       |    28 |    56 |   175 ||   259
Dodge: Dodged            |    50 |    68 |   171 |   232 |  1406 ||  1927
Block: Other             |       |       |     8 |       |       ||     8
       Reflection        |       |       |     2 |       |       ||     2

Table legend: (Time is in decaauts)
 A = Elapsed time spent in this place.
 B = Non-inter-level travel time spent in this place.
 C = Inter-level travel time spent in this place.
 D = Time resting spent in this place.
 E = Time spent auto-exploring this place.
 F = Levels seen in this place.
 G = Mean time per level.
                   A        B        C        D        E       F      G
               +--------+--------+--------+--------+--------+-----+--------+
         Total |  23623 |  22751 |    872 |   1578 |  16863 |  25 |  944.9 |
       Dungeon |  13884 |  13339 |    545 |    730 |  10367 |  15 |  925.6 |
        Temple |    268 |    237 |     31 |      0 |    230 |   1 |  268.0 |
          Lair |   6857 |   6609 |    248 |    442 |   4758 |   6 | 1142.8 |
   Spider Nest |    988 |    988 |      0 |    399 |    402 |   1 |  988.0 |
  Orcish Mines |   1625 |   1580 |     45 |      6 |   1104 |   2 |  812.5 |
               +--------+--------+--------+--------+--------+-----+--------+

Top non-repeatable levels by time:
  Lair:6: 2536 daAuts
    D:15: 1521 daAuts
    D:12: 1495 daAuts
     D:6: 1180 daAuts
   Orc:2: 1145 daAuts
     D:5: 1082 daAuts
    D:11: 1049 daAuts
     D:9: 1015 daAuts
Spider:1: 988 daAuts
     D:4: 980 daAuts
  Lair:2: 947 daAuts
     D:2: 946 daAuts
  Lair:5: 922 daAuts
  Lair:1: 910 daAuts
    D:14: 890 daAuts
